Map: 킹스 코브 - 래더

Players

soO

  • Race: Zerg Zerg
  • League: Master
  • Spawn Location: 11:00

OGZest (Zest) - Winner!

  • Race: Protoss Protoss
  • Spawn Location: 5:00

Event: 2019 Assembly Summer

VOD

Have the link to the VOD?

Description

Time

  • Played on: Aug. 1, 2019, 6:05 a.m.
  • Length: 14:03

All games in this series

Show
View Real Time Build Order
Export as new Build Order

soO Zerg 

Build Orders: Hatch First 

Get SALT Encoding   

  12  0:00  Drone  
  13  0:12  Overlord  
  13  0:17  Drone  
  14  0:30  Drone x2  
  16  0:49  Hatchery  
  15  0:52  Drone  
  15  0:55  Drone  
  17  0:59  Drone  
  18  1:10  Extractor  
  17  1:15  Spawning Pool  
  17  1:18  Drone  
  17  1:21  Drone  
  18  1:28  Drone  
  19  1:39  Drone  
  20  1:50  Overlord  
  20  2:01  Queen x2  
  20  2:02  Drone, Zergling x2  
  26  2:11  Drone  
  26  2:13  Drone  
  28  2:22  Drone  
  29  2:23  Drone  
  30  2:37  Hatchery, Drone  
  31  2:43  Queen  
  32  2:46  Drone  
  32  2:50  Overlord  
  33  2:55  Drone x2  
  35  2:59  Drone  
  35  3:04  Overlord  
  36  3:09  Drone  
  36  3:11  Drone x2  
  36  3:12  Lair  
  39  3:15  Drone x2  
  41  3:21  Drone x3  
  41  3:25  Drone  
  45  3:29  Roach Warren  
  44  3:34  Metabolic Boost  
  44  3:35  Drone  
  44  3:37  Drone, Extractor  
  44  3:40  Extractor  
  44  3:41  Drone  
  44  3:43  Drone  
  44  3:45  Drone x2  
  48  3:51  Queen  
  48  3:53  Drone  
  51  3:57  Drone  
  51  3:59  Drone  
  53  4:04  Overlord  
  53  4:09  Roach x2, Overlord  
  57  4:12  Overlord  
  57  4:15  Overseer  
  56  4:20  Overlord  
  56  4:23  Roach, Zergling x4  
  56  4:24  Zergling x2  
  61  4:25  Zergling x2  
  60  4:41  Queen  
  60  4:45  Drone x2  
  57  4:47  Drone x5  
  57  4:49  Roach x3  
  65  5:05  Drone x2  
  65  5:06  Drone x3  
  68  5:23  Spire  
  68  5:25  Drone  
  68  5:27  Drone  
  68  5:29  Drone  
  68  5:30  Drone  
  70  5:37  Drone x5  
  70  5:41  Drone  
  76  5:43  Queen  
  76  5:48  Drone x2  
  80  5:51  Roach x2  
  80  5:52  Glial Reconstitution  
  80  5:54  Drone  
  80  5:56  Roach  
  87  5:58  Roach  
  87  6:02  Overlord  
  89  6:07  Roach  
  89  6:09  Overlord  
  89  6:12  Drone, Overlord  
  89  6:13  Drone  
  89  6:14  Drone  
  89  6:15  Drone  
  88  6:18  Drone  
  88  6:19  Drone  
  88  6:21  Drone x3  
  88  6:25  Drone  
  94  6:27  Drone x2  
  92  6:48  Mutalisk x6  
  104  6:57  Overlord  
  104  6:58  Roach x4  
  112  7:03  Overlord  
  112  7:04  Overlord  
  112  7:05  Overlord, Extractor  
  112  7:06  Extractor  
  110  7:12  Overlord x2  
  109  7:16  Spine Crawler  
  109  7:19  Ravager x2  
  109  7:20  Spine Crawler  
  109  7:21  Roach x3  
  115  7:26  Roach  
  115  7:27  Roach, Zergling x6  
  122  7:39  Roach  
  122  7:40  Roach x4  
  122  7:43  Overlord  
  132  7:49  Drone x3  
  135  7:55  Overlord  
  135  7:56  Drone x3  
  138  7:59  Roach  
  138  8:00  Roach x3  
  146  8:11  Roach x4  
  154  8:15  Hatchery  
  153  8:20  Drone x2  
  153  8:21  Drone x3  
  153  8:24  Drone x2  
  157  8:27  Baneling Nest, Evolution Chamber  
  157  8:32  Drone, Overlord  
  156  8:42  Zergling x18  
  156  8:47  Overseer  
  165  8:57  Overlord  
  165  8:59  Ravager x4  
  165  9:00  Roach x4  
  165  9:01  Overlord  
  165  9:02  Overlord  
  177  9:09  Overlord  
  177  9:13  Overlord  
  177  9:15  Overlord  
  177  9:16  Roach x4  
  185  9:19  Roach  
  185  9:21  Roach x3  
  185  9:23  Roach  
  183  9:27  Roach x6  
  183  9:28  Roach  
  186  9:34  Roach  
  186  9:37  Roach  
  186  9:38  Roach x3  
  187  9:41  Ravager  
  187  9:42  Ravager  
  187  9:52  Roach x6  
  198  9:59  Ravager  
  193  10:06  Zerg Melee Weapons Level 1  
  189  10:11  Roach x3  
  189  10:12  Zergling x2  
  189  10:13  Zergling x8  
  196  10:21  Roach  
  164  10:22  Roach x2  
  164  10:24  Zergling x10  
  164  10:25  Hatchery  
  164  10:26  Roach  
  154  10:32  Roach  
  138  10:36  Roach x4, Zergling x2  
  131  10:57  Hatchery  
  131  11:01  Mutalisk x8  
  146  11:07  Zergling x4  
  146  11:11  Zergling x10  
  153  11:22  Centrifical Hooks  
  153  11:24  Drone x8  
  161  11:30  Extractor  
  161  11:31  Drone  
  161  11:32  Drone  
  162  11:34  Zerg Flyer Weapons Level 1, Extractor  
  162  11:39  Zergling x10  
  166  11:41  Queen  
  168  11:48  Baneling x9  
  170  11:54  Roach x5  
  170  11:58  Baneling x3  
  170  11:59  Zergling x6  
  179  12:09  Roach x4, Zergling x2  
  179  12:10  Roach x2  
  192  12:17  Zergling x4  
  194  12:31  Overseer  
  194  12:39  Zergling x12  
  200  12:50  Baneling x5  
  200  12:54  Zergling x8  
  196  13:02  Zergling x12  
  196  13:03  Zergling x12  
  199  13:07  Baneling x22  
  187  13:13  Zergling x28  
  187  13:19  Zergling x2  
  183  13:23  Zergling x4  
  139  13:28  Roach x5  
  125  13:36  Roach x5  
  125  13:41  Roach x3, Zergling x2  
  124  13:42  Roach  
Show
View Real Time Build Order
Export as new Build Order

OGZest Protoss - Winner!

Build Orders: 1 Gate Expand, Archon Immortal, Archon Drop, Dark Templar Rush 

Get SALT Encoding   

  12  0:01  Probe  
  13  0:13  Probe  
  14  0:18  Pylon  
  14  0:24  Probe  
  15  0:29  Assimilator  
  15  0:32  Probe  
  15  0:40  Probe  
  16  0:47  Gateway  
  17  0:51  Probe  
  18  1:03  Probe  
  19  1:15  Probe  
  20  1:25  Nexus  
  20  1:34  Cybernetics Core  
  20  1:38  Probe  
  21  1:43  Assimilator  
  21  1:50  Probe  
  21  1:53  Pylon  
  22  2:01  Adept  
  22  2:02  Probe  
  23  2:12  Warp Gate  
  23  2:14  Probe  
  26  2:21  Twilight Council  
  26  2:26  Probe  
  27  2:33  Probe  
  27  2:34  Robotics Facility  
  28  2:40  Probe  
  28  2:42  Probe  
  30  2:52  Probe x2  
  30  2:58  Dark Shrine  
  32  3:04  Probe x2  
  34  3:13  Stalker  
  34  3:19  Gateway  
  36  3:20  Warp Prism  
  36  3:22  Gateway  
  38  3:34  Probe  
  38  3:35  Probe  
  40  3:44  Pylon  
  40  3:48  Probe x2  
  40  3:50  Assimilator  
  40  3:52  Assimilator  
  42  3:56  Pylon  
  42  3:59  Adept  
  42  4:01  Probe  
  42  4:02  Probe  
  46  4:13  Probe  
  46  4:14  Probe  
  48  4:23  Dark Templar x3  
  54  4:28  Observer, Probe x2  
  57  4:32  Pylon  
  57  4:40  Probe x2  
  55  4:52  Probe  
  55  4:53  Nexus, Probe  
  55  4:56  Immortal  
  57  5:07  Pylon  
  61  5:18  Adept x3  
  67  5:23  Pylon  
  67  5:26  Probe  
  67  5:27  Probe  
  67  5:28  Immortal  
  66  5:35  Pylon  
  70  5:47  Dark Templar  
  70  5:48  Adept x2  
  76  5:50  Probe x2  
  76  5:53  Archon x2  
  76  5:54  Immortal  
  78  6:01  Charge  
  78  6:02  Probe x2  
  80  6:08  Probe  
  85  6:17  Probe x2  
  87  6:24  Probe  
  88  6:29  Immortal, Probe  
  93  6:40  Sentry x3  
  93  6:44  Gateway  
  93  6:46  Gateway x2  
  99  6:48  Gateway  
  99  6:54  Gateway  
  99  6:55  Probe x3, Pylon  
  102  7:06  Pylon  
  102  7:07  Probe x3  
  105  7:11  Forge  
  105  7:15  Pylon  
  105  7:18  Shield Battery  
  105  7:19  Shield Battery, Probe x2  
  105  7:21  Blink  
  107  7:26  Stalker  
  107  7:27  Stalker x2  
  113  7:34  Shield Battery  
  113  7:41  Protoss Ground Weapons Level 1  
  113  7:48  Probe x2  
  112  7:56  Photon Cannon  
  112  7:58  Photon Cannon x2  
  112  8:00  Photon Cannon  
  112  8:02  Photon Cannon  
  112  8:06  Sentry x4, Assimilator  
  112  8:08  Assimilator  
  120  8:12  Stalker  
  120  8:13  Stalker x2  
  120  8:17  Probe x3  
  125  8:29  Probe x2  
  125  8:30  Probe  
  125  8:32  Photon Cannon  
  126  8:35  Pylon  
  126  8:38  Observer x2, Pylon  
  126  8:40  Stalker  
  126  8:41  Stalker x2  
  133  8:51  Pylon  
  133  8:52  Pylon  
  133  8:53  Probe, Pylon  
  132  9:11  Stalker x8  
  136  9:39  Stalker x8  
  152  9:54  Nexus, Warp Prism  
  152  9:59  Pylon  
  152  10:09  Stalker  
  152  10:10  Stalker x2  
  138  10:28  Stalker x3  
  120  10:35  Warp Prism  
  112  10:40  Protoss Ground Weapons Level 2  
  110  10:44  Stalker x2  
  110  10:45  Observer, Stalker x2  
  116  11:04  Templar Archives  
  116  11:05  Immortal  
  116  11:08  Sentry x3  
  116  11:09  Sentry x2  
  116  11:10  Zealot x3  
  132  11:14  Gateway, Probe x2  
  132  11:15  Gateway, Probe x2  
  139  11:29  Probe  
  139  11:30  Probe x3, Photon Cannon  
  143  11:36  Pylon  
  143  11:40  High Templar, Immortal  
  143  11:41  High Templar x6  
  143  11:42  High Templar  
  143  11:45  Pylon, Archon  
  143  11:46  Archon x2  
  143  11:47  Assimilator, Archon  
  159  11:52  Assimilator  
  163  12:12  Stalker x2  
  167  12:21  Observer  
  167  12:22  Assimilator  
  167  12:24  Zealot x2  
  167  12:25  Zealot x5  
  167  12:26  Zealot  
  184  12:37  Zealot, Photon Cannon  
  184  12:38  Zealot  
  184  12:40  Photon Cannon  
  188  12:48  High Templar x2  
  188  12:49  High Templar x2  
  188  12:50  Zealot x2  
  200  12:54  Archon x2  
  200  12:58  Stalker x2  
  187  13:08  Stalker x2  
  187  13:09  Probe x4  
  181  13:16  Zealot x2  
  162  13:32  High Templar x2  
  162  13:33  High Templar x2, Zealot x2  
  155  13:37  Zealot x3, Archon  
  155  13:38  Archon  
  115  13:56  Stalker x2  
  115  13:57  Stalker x3  
  115  14:02  Zealot  
Tags
 
Add a new tag
Caveats
  • Supply blocks, unpowered buildings, or Contaminate may cause inaccurate times.
  • Supply counts are checked every 10 seconds.